 Dungeon Crawl Stone Soup version 0.29.1-12-g30fa7ad0bf (webtiles) character file.

Game seed: 17845990991033202936

9 suipiss the Trooper (level 2, -3/24 HPs)
             Began as a Demonspawn Abyssal Knight on Dec 31, 2022.
             Was a Believer of Lugonu.
             Killed by nerve-wracking pain
             ... invoked by Jessica
              (10 damage)
             ... on level 2 of the Dungeon.
             The game lasted 00:01:08 (1099 turns).

suipiss the Trooper (Demonspawn Abyssal Knight)     Turns: 1099, Time: 00:01:10

Health: -3/24      AC:  3    Str: 13    XL:     2   Next: 3%
Magic:  4/4        EV: 11    Int: 11    God:    Lugonu [**....]
Gold:   45         SH:  0    Dex: 13    Spells: 1/1 levels left

rFire   . . .      SeeInvis .   a - +1 spear
rCold   . . .      Faith    .   (no shield)
rNeg    . . .      Spirit   .   b - +0 leather armour
rPois   .          Reflect  .   (no helmet)
rElec   .          Harm     .   (no cloak)
rCorr   .          Rampage  .   (no gloves)
Will    .....                   (no boots)
Stlth   +.........              (no amulet)
HPRegen 0.08/turn               (no ring)
MPRegen 0.09/turn               (no ring)

@: mighty, hasted, very quick
A: powered by death 1
a: Renounce Religion, Depart the Abyss, Bend Space


You were on level 2 of the Dungeon.
You worshipped Lugonu.
Lugonu was pleased with you.
You visited 1 branch of the dungeon, and saw 2 of its levels.
You visited the Abyss 1 time.

You collected 45 gold pieces.

Inventory:

Hand Weapons
 a - a +1 spear (weapon)
Armour
 b - a +0 leather armour (worn)
Potions
 d - a potion of might
 f - a potion of heal wounds {unknown}
 g - a potion of magic {unknown}
 i - a potion of curing {unknown}
 j - a potion of flight {unknown}


   Skills:
 + Level 3.1 Fighting
 + Level 1.9 Polearms
 + Level 1.9 Armour
 + Level 1.1 Dodging
 + Level 2.6 Invocations


You had one spell level left.
You didn't know any spells.
Your spell library contained the following spells:

 Spells                   Type           Power      Damage    Failure   Level
 Call Canine Familiar     Summ           0%         N/A       80%         3
 Portal Projectile        Hex/Tloc       0%         N/A       80%         3
 Leda's Liquefaction      Hex/Erth       0%         N/A       99%         4


Dungeon Overview and Level Annotations

Branches:
Dungeon (2/15)

Altars:

Shops:
D:2 !

Annotations:
D:2 Jessica


Innate Abilities, Weirdness & Mutations

You regenerate a little health from kills.


Message History

The ball python hisses angrily.
The goblin shouts!
The frilled lizard hisses angrily.
The goblin drinks a potion.
The goblin seems to speed up.
Jessica the Apprentice Sorceress comes into view.
She is wielding a +2 spectral club.
Found a club.
Jessica shouts!
A bat comes into view.
The goblin closely misses you.
You hit the goblin but do no damage. The goblin closely misses you.
The bat hits you.
A frilled lizard comes into view.
You closely miss the goblin. The bat completely misses you.
The goblin hits you but does no damage. x2
The frilled lizard hisses angrily.
You hit Jessica but do no damage. The bat closely misses you.
The bat hits you but does no damage. The goblin closely misses you.
Jessica hits you with a +2 spectral club.
You hit Jessica.
Jessica is moderately wounded.
The bat closely misses you. The goblin closely misses you.
The goblin misses you.
Jessica hits you with a +2 spectral club.
The ball python bites you but does no damage.
The ball python barely misses you.
You feel yourself speed up. The goblin hits you with a +0 dagger.
The bat hits you but does no damage. The ball python closely misses you.
The ball python barely misses you.
Jessica hits you with a +2 spectral club.
It was a potion of might.
You feel very mighty all of a sudden. The bat hits you but does no damage.
The goblin hits you but does no damage. The ball python barely misses you.
The ball python misses you.
You hit Jessica.
Jessica is severely wounded.
The goblin hits you with a +0 dagger.
* * * LOW HITPOINT WARNING * * *
The bat hits you but does no damage. Jessica gestures at you while chanting.
Pain shoots through your body!
You die...

... #.... #.#
...###... #.#
......... #.#
........# #.# ##
........####.# #.
.............# #.
......8l#######.#
#.
........S.......#
#.
....8.∩l8@..>#..
#.
........bg@......
##
......8........).
.####..#....#....
####....# ).#
#....# .# #....#
# #....#


You could see Jessica, a goblin (fast), a bat, a ball python and 2 frilled
lizards.

Vanquished Creatures
  A dart slug (D:1)
  A bat (D:2)
  An endoplasm (D:1)
  A kobold (D:1)
  4 rats (D:1)
8 creatures vanquished.

Notes
Turn   | Place    | Note
-------+----------+-------------------------------------------
     0 | Abyss:1  | suipiss the Demonspawn Abyssal Knight began the quest for
                  | the Orb.
     0 | Abyss:1  | Reached XP level 1. HP: 18/18 MP: 2/2
     3 | Abyss:1  | Found a corrupted altar of Lugonu.
    47 | Abyss:1  | Found a bloodstained altar of Trog.
    47 | Abyss:1  | Noticed a small abomination
    49 | Abyss:1  | Noticed an ancient zyme
    71 | Abyss:1  | Noticed a chaos spawn
    81 | Abyss:1  | Noticed a soul eater
    83 | Abyss:1  | Noticed a hellwing
    84 | D:1      | Escaped the Abyss
   487 | D:1      | Reached skill level 1 in Dodging
   564 | D:1      | Found a faded altar of an unknown god.
  1032 | D:2      | Gained mutation: You regenerate a little health from kills.
                  | [demonic ancestry]
  1032 | D:2      | Reached XP level 2. HP: 24/24 MP: 4/4
  1088 | D:2      | Found Lutofeh's Distillery.
  1090 | D:2      | Noticed Jessica
  1099 | D:2      | Killed from afar by Jessica

Illustrated notes

Levels and vault maps discovered:
D:1:      wander_arrival_peaceful_grave, layout_basic,
          dreamdust_ecumenical_altar_hidden_monk_grotto
D:2:      layout_basic, serial_shops, nicolae_shop_statue_plus,
          kennysheep_generic_room_15, uniq_jessica

Skill      XL: |  1 |
---------------+----+-----
Dodging        | 1 |  1.1
Fighting       | |  3.1
Polearms       | |  1.9
Armour         | |  1.9
Invocations    | |  2.6

Action                   || total
-------------------------++-------
Melee: Spear             ||    17
Invok: Depart the Abyss  ||     1
  Use: Scroll            ||     2
       Potion            ||     2
 Stab: Sleeping          ||     2
Armor: Leather armour    ||    11
Dodge: Dodged            ||    13
